 Dungeon Crawl Stone Soup version 0.27-a0-29-g2d0a2396b0 (webtiles) character file.

Game seed: 15265579183180051736

4262 tsouns the Zephyrmancer (level 10, -3/84 HPs)
             Began as a Green Draconian Air Elementalist on Jan 3, 2021.
             Was an Elder of Vehumet.
             Slain by an orc warrior
             ... wielding a +1 vorpal dire flail
              (8 damage)
             ... on level 8 of the Dungeon.
             The game lasted 00:21:02 (9082 turns).

tsouns the Zephyrmancer (DrAE)                      Turns: 9082, Time: 00:21:03

Health: -3/84      AC: 10    Str: 11    XL:     10   Next: 10%
Magic:  1/19       EV: 12    Int: 18    God:    Vehumet [****..]
Gold:   393        SH:  0    Dex: 12    Spells: 8/21 levels left

rFire    . . .     SeeInvis .   d - +2 war axe (elec)
rCold    . . .     Faith    .   (no shield)
rNeg     . . .     Spirit   .   (armour unavailable)
rPois    +         Reflect  .   (helmet restricted)
rElec    .         Harm     .   (no cloak)
rCorr    .         Rampage  .   m - +2 pair of gloves
Will     .....                  (no boots)
Stlth    ++........             (no amulet)
HPRegen  0.24/turn              (no ring)
MPRegen  0.16/turn              (no ring)

@: short of breath
A: breathe noxious fumes, unfitting armour, poison resistance, cold-blooded, AC
+7
a: Breathe Noxious Fumes, Renounce Religion


You were on level 8 of the Dungeon.
You worshipped Vehumet.
Vehumet was greatly pleased with you.
You visited 1 branch of the dungeon, and saw 8 of its levels.

You collected 393 gold pieces.

Inventory:

Hand Weapons
 d - a +2 war axe of electrocution (weapon)
 o - a +1 dagger of venom
Missiles
 k - 3 boomerangs
 s - 32 poisoned darts
Armour
 m - a +2 pair of gloves (worn)
Jewellery
 x - an uncursed ring of fire
Scrolls
 c - 4 scrolls of teleportation
 h - 2 scrolls of enchant weapon
 l - 2 scrolls of remove curse
 q - a scroll of magic mapping
 t - a scroll of blinking
 u - 2 scrolls of enchant armour
 v - a scroll of summoning {unknown}
 w - a scroll of fear
Potions
 a - 2 potions of lignification
 b - 4 potions of curing
 e - a potion of heal wounds
 f - a potion of mutation
 g - a potion of flight {unknown}
 i - 3 potions of attraction {unknown}
 j - 5 potions of brilliance {unknown}
 n - a potion of resistance
 p - a potion of degeneration {unknown}
 r - a potion of invisibility {unknown}


   Skills:
 + Level 6.9 Fighting
 + Level 6.0 Axes
 - Level 1.7 Dodging
 - Level 1.7 Stealth
 + Level 6.2 Spellcasting
 + Level 4.2 Conjurations
 + Level 8.6 Air Magic
 + Level 3.5 Poison Magic


You had 8 spell levels left.
You knew the following spells:

 Your Spells              Type           Power        Failure   Level
a - Shock                 Conj/Air       100%         1%          1
b - Swiftness             Air            36%          1%          2
c - Static Discharge      Conj/Air       29%          1%          3
d - Airstrike             Air            18%          1%          4
e - Mephitic Cloud        Conj/Pois/Air  25%          1%          3

Your spell library contained the following spells:

 Spells                   Type           Power        Failure   Level
 Iskenderun's Battlesphe  Conj           21%          16%         5
 Lightning Bolt           Conj/Air       14%          6%          5


Dungeon Overview and Level Annotations

Branches:
Dungeon (8/15)             Temple (0/1) D:6
   Lair: D:8-11

Altars:
Dithmenos
Elyvilon
Fedhas
Hepliaklqana
Nemelex Xobeh
Qazlal
Vehumet
Wu Jian
Yredelemnul
The Shining One


Innate Abilities, Weirdness & Mutations

You can breathe blasts of noxious fumes.
Your lurid green scales are hard. (AC +7)
You cannot fit into any form of body armour.
Your system is resistant to poisons. (rPois)
You are cold-blooded and may be slowed by cold attacks.


Message History

Your Axes skill increases to level 6!
Casting: Shock (safe; 1% risk of failure)
Confirm with . or Enter, or press ? or * to list all spells.
Aiming: Shock (safe; 1% risk of failure)
Press: ? - help, Shift-Dir - straight line, f - big kobold
Aim: a big kobold, wielding a +0 short sword and quivering 4 stones (almost dead, confused, 12% to evade)
The zap hits the big kobold.
You kill the big kobold!
Vehumet accepts your kill.
A killer bee comes into view.
The kobold throws a poisoned dart.
The poisoned dart barely misses you.
You see here a dagger.
An orc warrior comes into view. It is wielding a +1 vorpal dire flail.
The orc warrior shouts!
The kobold throws a poisoned dart.
The poisoned dart closely misses you.
You see here a poisoned dart.
The orc warrior hits you with a +1 vorpal dire flail!!
* * * LOW HITPOINT WARNING * * *
x2 The orc warrior hits you with a +1 vorpal dire flail!
You die...

...>.
#K##.s...#
#.#.
#s##.†...#
#..
#.##.....#
..
#)##....K# ≈
#(##......#
#.###...(...
# #.#
.......#K
§#+#≈##.#
.##....#
§§.≈≈.@o#
#.§##...#
#..## #..#
#..# ...#
##..# #..#


You could see an orc warrior and a scorpion (confused).

Vanquished Creatures
  Pikel (D:7)
  A wyvern (D:8)
  Eustachio (D:4)
  A water moccasin (D:6)
  4 orc warriors
  A hornet zombie (D:6)
  2 ice beasts (D:7)
  2 necrophages
  7 ogres
  2 centaurs
  2 lemures (D:7)
  3 big kobolds
  Blork the orc (D:4)
  4 bullfrogs
  A scorpion (D:3)
  2 water moccasin skeletons (D:6)
  3 howler monkeys
  4 hounds
  2 jellies
  A quasit (D:6)
  3 orc priests
  A centaur skeleton (D:6)
  6 orc wizards
  3 iguanas
  3 worker ants
  Natasha (thrice) (D:3)
  A hound zombie (D:6)
  2 hound skeletons
  A worker ant zombie (D:5)
  A howler monkey skeleton (D:7)
  9 adders
  5 river rats (D:5)
  2 shadow imps
  A white imp (D:8)
  3 oozes (D:1)
  2 ufetubi
  2 worms
  2 dart slugs
  9 leopard geckos
  18 orcs
  2 ball pythons (D:1)
  7 giant cockroaches
  15 goblins
  5 hobgoblins
  22 jackals
  22 kobolds
  11 quokkas
  8 bats
  4 frilled lizards
  A giant cockroach zombie (D:6)
  2 gnoll zombies (D:3)
  A jackal skeleton (D:4)
  26 rats
248 creatures vanquished.

Notes
Turn   | Place    | Note
-------+----------+-------------------------------------------
     0 | D:1      | tsouns the Draconian Air Elementalist began the quest for
                  | the Orb.
     0 | D:1      | Reached XP level 1. HP: 14/14 MP: 3/3
   114 | D:1      | Reached XP level 2. HP: 17/22 MP: 1/5
   426 | D:1      | Reached skill level 1 in Fighting
   712 | D:1      | Reached XP level 3. HP: 28/28 MP: 3/6
  1715 | D:2      | Reached XP level 4. HP: 23/36 MP: 3/7
  2155 | D:2      | Found a radiant altar of Vehumet.
  2174 | D:2      | Found a sparkling altar of Nemelex Xobeh.
  2196 | D:2      | Became a worshipper of Vehumet
  2444 | D:3      | Noticed Natasha
  2452 | D:3      | Killed Natasha
  2539 | D:3      | Noticed Natasha
  2546 | D:3      | Killed Natasha
  2547 | D:3      | Reached skill level 1 in Axes
  2547 | D:3      | Reached XP level 5. HP: 38/41 MP: 1/9
  2725 | D:3      | Found a basalt altar of Yredelemnul.
  2877 | D:3      | Noticed Natasha
  2888 | D:3      | Killed Natasha
  3170 | D:3      | Reached skill level 4 in Air Magic
  3570 | D:3      | Reached XP level 6. HP: 50/50 MP: 4/10
  3803 | D:3      | Learned a level 2 spell: Swiftness
  3807 | D:3      | Learned a level 3 spell: Static Discharge
  3812 | D:3      | Learned a level 4 spell: Airstrike
  3867 | D:4      | Found a glowing golden altar of the Shining One.
  3875 | D:4      | Reached * piety under Vehumet
  3875 | D:4      | Offered knowledge of Magic Dart by Vehumet.
  3992 | D:4      | Noticed Eustachio
  4006 | D:4      | Killed Eustachio
  4007 | D:4      | Your scales start taking on a lurid green colour.
  4007 | D:4      | Reached XP level 7. HP: 28/57 MP: 1/12
  4007 | D:4      | Gained mutation: Your system is resistant to poisons.
                  | (rPois) [Green Draconian growth]
  4279 | D:4      | Found a hazy altar of Hepliaklqana.
  4319 | D:4      | Noticed Blork the orc
  4340 | D:4      | Killed Blork the orc
  4341 | D:4      | Reached skill level 5 in Air Magic
  4990 | D:5      | Entered Level 5 of the Dungeon
  5173 | D:5      | Reached skill level 6 in Air Magic
  5173 | D:5      | Reached XP level 8. HP: 41/67 MP: 8/14
  5185 | D:5      | Offered knowledge of Sandblast by Vehumet.
  5492 | D:5      | Reached ** piety under Vehumet
  5703 | D:5      | You fall into a shaft and drop 2 floors!
  5737 | D:7      | Noticed Pikel
  5767 | D:6      | Found a shadowy altar of Dithmenos.
  6049 | D:6      | Reached skill level 5 in Fighting
  6134 | D:6      | Reached skill level 7 in Air Magic
  6217 | D:6      | Reached skill level 5 in Spellcasting
  6348 | D:6      | Found a white marble altar of Elyvilon.
  6369 | D:6      | Reached XP level 9. HP: 21/74 MP: 1/16
  6733 | D:6      | Found a staircase to the Ecumenical Temple.
  6742 | D:6      | Reached skill level 5 in Axes
  6860 | D:6      | Offered knowledge of Mephitic Cloud by Vehumet.
  6865 | D:6      | Learned a level 3 spell: Mephitic Cloud
  7161 | D:5      | Reached skill level 8 in Air Magic
  7166 | D:5      | Reached *** piety under Vehumet
  7334 | D:5      | Reached skill level 1 in Poison Magic
  7365 | D:5      | Offered knowledge of Stone Arrow by Vehumet.
  7592 | D:6      | Found a stormy altar of Qazlal.
  7592 | D:6      | Found an ornate altar of the Wu Jian Council.
  8156 | D:6      | Found a sparkling altar of Nemelex Xobeh.
  8297 | D:7      | Killed Pikel
  8372 | D:7      | Found a blossoming altar of Fedhas.
  9040 | D:8      | Reached **** piety under Vehumet
  9049 | D:8      | Reached XP level 10. HP: 40/84 MP: 10/19
  9075 | D:8      | Offered knowledge of Iskenderun's Battlesphere by Vehumet.
  9082 | D:8      | Slain by an orc warrior

Illustrated notes

Levels and vault maps discovered:
D:1:      mrwooster_arrival_statue_2, layout_loops_ring
D:2:      layout_loops_cross, vehumet_crystals,
          nemelex_xobeh_ov_fountains_minmay
D:3:      kennysheep_the_goblin_king, layout_loops_cross,
          lemuel_zombie_altar_yredelemnul, uniq_natasha
D:4:      layout_cave_pools, nicolae_overflow_hidden_temple,
          nzn_hepliaklqana_mist_gate, uniq_blork_the_orc, uniq_eustachio
D:5:      lemuel_ratsnest, layout_basic
D:6:      layout_cave_pods, lemuel_crystal_altar, elyvilon_altar_5,
          gammafunk_temple_overflow_elements, lemuel_coloured_pillars_altar,
          minmay_temple_entry_sparse_star
D:7:      layout_basic, nicolae_overflow_crystal_walls,
          chequers_serial_rivers_micro_d, uniq_pikel
D:8:      layout_rooms, lemuel_doored_altar, kennysheep_mini_moat,
          marbit_many_paths, minmay_manual_mail

Skill      XL: |  1  2  3  4  5  6  7  8  9 10 |
---------------+-------------------------------+-----
Fighting       | 1 2 3 4 5 6 |  6.9
Conjurations   | 2 4 |  4.2
Axes           | 1 2 3 4 5 6 |  6.0
Spellcasting   | 3 4 5 6 |  6.2
Air Magic      | 4 6 7 8 |  8.6
Poison Magic   | 3 |  3.5
Dodging        | |  1.7
Stealth        | |  1.7

Action                   |  1- 3 |  4- 6 |  7- 9 | 10-12 || total
-------------------------+-------+-------+-------+-------++-------
Melee: Unarmed           |    26 |       |       |       ||    26
       Tailslap          |     9 |     6 |    23 |       ||    38
       Mace              |    49 |       |       |       ||    49
       Hand axe          |    32 |    72 |     6 |       ||   110
       War axe           |       |       |   270 |     5 ||   275
 Cast: Shock             |    39 |    84 |    85 |     6 ||   214
       Static Discharge  |       |     3 |     7 |     1 ||    11
       Airstrike         |       |       |    24 |     1 ||    25
       Mephitic Cloud    |       |       |     1 |     1 ||     2
 Abil: Breathe Noxious F |       |       |     3 |     1 ||     4
  Use: Scroll            |       |     9 |     8 |       ||    17
 Stab: Sleeping          |     1 |     2 |     5 |       ||     8
Armor: Skin              |    46 |    29 |   127 |     3 ||   205
Dodge: Dodged            |    85 |    77 |   251 |     5 ||   418

Table legend: (Time is in decaauts)
 A = Elapsed time spent in this place.
 B = Non-inter-level travel time spent in this place.
 C = Inter-level travel time spent in this place.
 D = Time resting spent in this place.
 E = Time spent auto-exploring this place.
 F = Levels seen in this place.
 G = Mean time per level.
                   A        B        C        D        E       F      G
               +--------+--------+--------+--------+--------+-----+--------+
         Total |   9213 |   9079 |    134 |      6 |   7452 |   8 | 1151.6 |
       Dungeon |   9213 |   9079 |    134 |      6 |   7452 |   8 | 1151.6 |
               +--------+--------+--------+--------+--------+-----+--------+

Top non-repeatable levels by time:
     D:6: 1899 daAuts
     D:3: 1418 daAuts
     D:1: 1380 daAuts
     D:5: 1328 daAuts
     D:4: 1149 daAuts
     D:2: 1101 daAuts
     D:7: 884 daAuts
     D:8: 51 daAuts
